 Dungeon Crawl Stone Soup version 0.28.0-47-ge53b351184 (webtiles) character file.

Game seed: 9945948739676368890

20 Icepheonix32 the Chiller (level 2, -1/19 HPs)
             Began as a Demonspawn Ice Elementalist on Apr 28, 2022.
             Slain by Ijyb
             ... wielding a +0 hand axe
              (8 damage)
             ... on level 2 of the Dungeon on Apr 29, 2022.
             The game lasted 00:02:34 (718 turns).

Icepheonix32 the Chiller (DsIE)                      Turns: 718, Time: 00:02:34

Health: -1/19      AC:  2    Str:  8    XL:     2   Next: 58%
Magic:  0/5        EV: 12    Int: 16    God:
Gold:   23         SH:  0    Dex: 13    Spells: 4/5 levels left

rFire   . . .      SeeInvis .   b - +2 hand axe (vorpal)
rCold   . . .      Faith    .   (no shield)
rNeg    . . .      Spirit   .   a - +0 robe
rPois   .          Reflect  .   (no helmet)
rElec   .          Harm     .   (no cloak)
rCorr   .          Rampage  .   (no gloves)
Will    .....                   (no boots)
Stlth   ++........              (no amulet)
HPRegen 0.06/turn               (no ring)
MPRegen 0.09/turn               (no ring)

@: no status effects
A: weakness stinger 1
a: no special abilities


You were on level 2 of the Dungeon.
You visited 1 branch of the dungeon, and saw 2 of its levels.

You collected 23 gold pieces.

Inventory:

Hand Weapons
 b - a +2 vorpal hand axe (weapon)
 g - a +0 spear
Armour
 a - a +0 robe (worn)
Scrolls
 c - a scroll of vulnerability {unknown}
 d - a scroll of identify {unknown}
 e - a scroll of noise {unknown}
Potions
 f - a potion of flight {unknown}


   Skills:
 + Level 0.1 Axes
 + Level 1.9 Dodging
 + Level 1.9 Stealth
 + Level 2.2 Spellcasting
 + Level 4.0 Ice Magic


You had 4 spell levels left.
You knew the following spells:

 Your Spells              Type           Power      Damage    Failure   Level
a - Freeze                Ice            56%        1d7       3%          1

Your spell library contained the following spells:

 Spells                   Type           Power      Damage    Failure   Level
 Frozen Ramparts          Ice            28%        1d4       12%         3
 Ozocubu's Armour         Ice            14%        N/A       12%         3
 Hailstorm                Conj/Ice       8%         3d4       65%         4


Dungeon Overview and Level Annotations

Branches:
Dungeon (2/15)

Altars:

Annotations:
D:2 Ijyb


Innate Abilities, Weirdness & Mutations

You have a small tail.


Message History

The goblin hits you with a +0 club. The goblin barely misses you.
You barely miss the goblin.
The goblin is severely wounded.
The goblin hits you with a +0 club.
You are too injured to fight recklessly!
Unknown command.
The goblin barely misses you.
Items here: ))) †††.
You are too injured to fight recklessly!
You miss the goblin.
The goblin is heavily wounded.
The goblin hits you but does no damage.
You hear a zap.
Some rock shatters into small pieces.
You hit the goblin.
You kill the goblin!
You barely miss the goblin. You tail-slap the goblin.
You kill the goblin!
You hit Ijyb but do no damage. Ijyb misses you.
You are too injured to fight recklessly!
Casting: Freeze (safe; 3% risk of failure)
Confirm with . or Enter, or press ? or * to list all spells.
Aiming: Freeze (safe; 3% risk of failure)
Press: ? - help, Shift-Dir - straight line, f - Ijyb
Aim: Ijyb, wielding a +0 hand axe, wearing a +0 chain mail and carrying a wand of digging (3)
You freeze Ijyb.
Ijyb is lightly wounded.
Ijyb barely misses you.
Casting: Freeze (safe; 3% risk of failure)
Confirm with . or Enter, or press ? or * to list all spells.
Aiming: Freeze (safe; 3% risk of failure)
Press: ? - help, Shift-Dir - straight line, f/p - Ijyb
Aim: Ijyb, wielding a +0 hand axe, wearing a +0 chain mail and carrying a wand of digging (3) (lightly wounded)
You freeze Ijyb.
Ijyb is moderately wounded.
Ijyb closely misses you.
You hit Ijyb but do no damage.
Ijyb is moderately wounded.
Ijyb hits you with a +0 hand axe. Ijyb hits you with a +0 hand axe!
You die...

#.##.# #.##.# #######.##.##
.........#.#.#
.........#.##.#
...........###.####
.......>...........
...........#####.##########
................@gg........
..........########.........
..........# ##..#######
..........#######...8.8.8.
..........#...#..........g
#########...#...##........
##########........
#........ #........


You could see Ijyb and a goblin.

Vanquished Creatures
  A bat (D:1)
  2 endoplasms (D:1)
  6 goblins
  2 hobgoblins (D:1)
  3 ball pythons
  A frilled lizard (D:1)
  2 kobolds (D:1)
  A rat (D:1)
18 creatures vanquished.

Notes
Turn   | Place    | Note
-------+----------+-------------------------------------------
     0 | D:1      | Icepheonix32 the Demonspawn Ice Elementalist began the
                  | quest for the Orb.
     0 | D:1      | Reached XP level 1. HP: 13/13 MP: 3/3
   384 | D:1      | Gained mutation: You have a small tail. [demonic ancestry]
   384 | D:1      | Reached XP level 2. HP: 19/19 MP: 3/5
   694 | D:2      | Reached skill level 4 in Ice Magic
   705 | D:2      | Noticed Ijyb
   718 | D:2      | Slain by Ijyb

Illustrated notes

Levels and vault maps discovered:
D:1:      saegor_arrival_fortress, layout_rooms
D:2:      kennysheep_the_goblin_king, layout_basic, basic_altar,
          hellmonk_ecumenical_altar_pennies_from_heaven

Skill      XL: |  1  2 |
---------------+-------+-----
Ice Magic      | 4 |  4.0
Axes           | |  0.1
Dodging        | |  1.9
Stealth        | |  1.9
Spellcasting   | |  2.2

Action                   || total
-------------------------++-------
Melee: Hand axe          ||    15
       Unarmed           ||     1
       Tailslap          ||     1
 Cast: Freeze            ||    21
Armor: Robe              ||     6
Dodge: Dodged            ||    19
